 Dungeon Crawl Stone Soup version 0.26-a0-665-gefeb406119 (webtiles) character file.

Game seed: 4816677527063883010

1024 mandarbmax the Tainter (level 8, -5/52 HPs)
             Began as a Demonspawn Venom Mage on Oct 14, 2020.
             Splashed by a jelly's acid (11 damage)
             ... on level 6 of the Dungeon.
             The game lasted 00:23:01 (7235 turns).

mandarbmax the Tainter (Demonspawn Venom Mage)      Turns: 7235, Time: 00:23:03

Health: -5/52      AC: -2    Str: 10    XL:     8   Next: 2%
Magic:  11/11      EV: 11    Int: 20    God:
Gold:   358        SH:  0    Dex: 11    Spells: 2/11 levels left

rFire    . . .     SeeInvis .     - Unarmed
rCold    + . .     Faith    .   (no shield)
rNeg     . . .     Spirit   .   m - +0 leather armour {MR+}
rPois    .         Reflect  .   (no helmet)
rElec    .         Harm     .   f - +0 cloak
rCorr    .         Rampage  .   r - +1 pair of gloves
MR       +....                  (no boots)
Stlth    ++........             (no amulet)
HPRegen  0.17/turn              h - ring of flight
MPRegen  0.12/turn              e - +4 ring of protection

@: corroded
A: claws 2, clumsy 1, cold resistance 1, demonic guardian 2, big brain 1
a: Evoke Flight


You were on level 6 of the Dungeon.
You visited 1 branch of the dungeon, and saw 6 of its levels.

You collected 358 gold pieces.

Inventory:

Armour
 a - a +0 robe
 f - a +0 cloak (worn)
 m - a +0 leather armour of magic resistance (worn)
 r - a +1 pair of gloves (worn)
Jewellery
 e - a +4 ring of protection (right hand)
 h - a ring of flight (left hand)
Wands
 l - a wand of paralysis (4)
Scrolls
 b - 2 scrolls of teleportation
 c - 4 scrolls of remove curse
 i - a scroll of immolation
Potions
 d - 2 potions of might
 j - 3 potions of curing
 n - a potion of lignification
 o - 2 potions of heal wounds


   Skills:
 - Level 2.0 Dodging
 - Level 2.0 Stealth
 + Level 2.0 Unarmed Combat
 - Level 2.0 Spellcasting
 - Level 2.0 Transmutations
 - Level 2.0 Fire Magic
 - Level 2.0 Air Magic
 + Level 8.4 Poison Magic


You had 2 spell levels left.
You knew the following spells:

 Your Spells              Type           Power        Failure   Level
a - Ignite Poison         Fire/Tmut/Pois ###.....     12%         3
b - Poisonous Vapours     Pois/Air       ###...       3%          2
c - Olgreb's Toxic Radia  Pois           #####...     7%          4

Your spell library contained the following spells:

 Spells                   Type           Power        Failure   Level
 Sting                    Tmut/Pois      ###.         2%          1
 Mephitic Cloud           Conj/Pois/Air  ###.....     16%         3


Dungeon Overview and Level Annotations

Branches:
Dungeon (6/15)
 Temple: D:4-7

Altars:
Elyvilon
Fedhas
Trog
Xom

Annotations:
D:5 2 transporters, ragingrage's ghost, novice GnWn


Innate Abilities, Weirdness & Mutations

You have very sharp fingernails.
A demonic guardian rushes to your aid.
You have an unusually large brain. (Int +2)
You are clumsy. (Dex -2)
Your flesh is cold resistant. (rC+)


Message History

You hit the jelly but do no damage.
Your hands burn!
The jelly is severely wounded.
The jelly barely misses you.
It was a potion of mutation.
You feel extremely strange.
You feel clumsy.
You feel resistant to cold. The jelly barely misses you.
You hit the jelly but do no damage.
Your hands burn!
The jelly is severely wounded.
The jelly closely misses you.
You hit the jelly but do no damage.
Your hands burn!
The jelly is severely wounded.
The jelly hits you.
You are splashed with acid!
* * * LOW HITPOINT WARNING * * *
You hit the jelly but do no damage.
Your hands burn!
* * * LOW HITPOINT WARNING * * *
The jelly is severely wounded.
The jelly hits you.
* * * LOW HITPOINT WARNING * * *
You are splashed with acid!
You die...

.....#..#...###...###..
.#....#######.##.##
.#.............#.#
.####.#######.##.##
.........# ###...#
.####.##.# #.♣.#
.#....##.######...#
.#.#####.#....##.##
..............##@#
##.#.#.#.#.#...#J.......
...#.#...#.#...###.....#
[#.#.#.....#.....#.#....
)###...#.#.........# #..
.........#.#.###### #
######.###.#>#....# ..#
#.# #.#......### #.# #.#
#.#..........


You could see a jelly.

Vanquished Creatures
  A sky beast (D:6)
  A bullfrog (D:6)
  A water moccasin skeleton (D:6)
  A howler monkey (D:5)
  A jelly (D:5)
  An iguana (D:5)
  Ijyb (D:4)
  3 orc wizards
  3 worker ants
  A hound skeleton (D:5)
  4 gnolls (D:4)
  8 adders
  An ufetubus (D:5)
  An ooze (D:1)
  5 worms
  2 dart slugs
  3 leopard geckos
  14 orcs
  5 bats
  4 giant cockroaches
  11 goblins
  8 hobgoblins
  2 jackals (D:5)
  10 kobolds
  3 quokkas
  2 ball pythons (D:2)
  4 frilled lizards
  A jackal skeleton (D:5)
  A leopard gecko zombie (D:5)
  7 rats
110 creatures vanquished.

Vanquished Creatures (collateral kills)
  A sky beast (D:5)
  A phantom (D:6)
  2 ogres (D:4)
  A bullfrog skeleton (D:5)
  An orc priest (D:5)
  A centaur skeleton (D:4)
  A hound skeleton (D:6)
  A howler monkey skeleton (D:4)
  A leopard gecko (D:4)
  An orc (D:6)
11 creatures vanquished.

Grand Total: 121 creatures vanquished

Notes
Turn   | Place    | Note
-------+----------+-------------------------------------------
     0 | D:1      | mandarbmax the Demonspawn Venom Mage began the quest for
                  | the Orb.
     0 | D:1      | Reached XP level 1. HP: 13/13 MP: 3/3
   103 | D:1      | Reached skill level 1 in Transmutations
   182 | D:1      | Gained mutation: You have sharp fingernails. [demonic
                  | ancestry]
   182 | D:1      | Reached XP level 2. HP: 19/19 MP: 1/5
   494 | D:1      | Learned a level 2 spell: Poisonous Vapours
   778 | D:1      | Gained mutation: You have an unusually large brain. (Int
                  | +2) [demonic ancestry]
   778 | D:1      | Reached XP level 3. HP: 24/24 MP: 1/6
  1700 | D:2      | Reached skill level 4 in Poison Magic
  1945 | D:2      | Gained mutation: A weak demonic guardian rushes to your
                  | aid. [demonic ancestry]
  1945 | D:2      | Reached XP level 4. HP: 10/30 MP: 0/7
  3543 | D:3      | Reached skill level 5 in Poison Magic
  4164 | D:4      | Gained mutation: You have very sharp fingernails. [demonic
                  | ancestry]
  4164 | D:4      | Reached XP level 5. HP: 31/35 MP: 2/8
  4247 | D:4      | Found a blossoming altar of Fedhas.
  4355 | D:3      | Learned a level 4 spell: Olgreb's Toxic Radiance
  4561 | D:4      | Reached skill level 6 in Poison Magic
  4565 | D:4      | Noticed an ogre
  4738 | D:4      | Noticed Ijyb
  4744 | D:4      | Paralysed by Ijyb for 5 turns
  4745 | D:4      | Killed Ijyb
  4745 | D:4      | Gained mutation: A demonic guardian rushes to your aid.
                  | [demonic ancestry]
  4745 | D:4      | Reached XP level 6. HP: 41/41 MP: 0/9
  5362 | D:5      | Entered Level 5 of the Dungeon
  5362 | D:5      | Noticed a sky beast
  5364 | D:5      | Reached skill level 7 in Poison Magic
  5366 | D:5      | Killed a sky beast
  5557 | D:4      | Reached XP level 7. HP: 46/46 MP: 3/10
  5563 | D:4      | Learned a level 3 spell: Ignite Poison
  5617 | D:5      | Found a shimmering altar of Xom.
  5617 | D:5      | Found a transporter.
  5619 | D:5      | Reached skill level 8 in Poison Magic
  5718 | D:5      | Found a bloodstained altar of Trog.
  5779 | D:5      | Found a transporter.
  5811 | D:5      | Noticed ragingrage's ghost (novice GnWn)
  6518 | D:6      | Reached skill level 1 in Unarmed Combat
  6518 | D:6      | Reached skill level 1 in Fire Magic
  6518 | D:6      | Reached skill level 1 in Air Magic
  6940 | D:6      | HP: 1/46 [water moccasin skeleton (3)]
  6949 | D:6      | Reached XP level 8. HP: 36/52 MP: 3/11
  7149 | D:6      | Found a white marble altar of Elyvilon.
  7232 | D:6      | Gained mutation: You are clumsy. (Dex -2) [potion of
                  | mutation]
  7232 | D:6      | Gained mutation: Your flesh is cold resistant. (rC+)
                  | [potion of mutation]
  7235 | D:6      | Splashed by a jelly's acid

Illustrated notes

Levels and vault maps discovered:
D:1:      minmay_arrival_open_corners, layout_loops_ring,
          chequers_serial_rivers_micro_b
D:2:      layout_basic
D:3:      layout_rooms, kennysheep_generic_room_13
D:4:      layout_rooms, fedhas_altar_3, uniq_ijyb
D:5:      layout_rooms, overflow_temple_1_default, gammafunk_ghost_arena,
          basic_altar
D:6:      layout_basic, minmay_temple_entry_purple_smoke, elyvilon_altar_1

Skill      XL: |  1  2  3  4  5  6  7  8 |
---------------+-------------------------+-----
Dodging        | 2 |  2.0
Stealth        | 2 |  2.0
Transmutations | 1 2 |  2.0
Poison Magic   | 4 5 6 7 8 |  8.4
Unarmed Combat | 1 2 |  2.0
Fire Magic     | 1 2 |  2.0
Air Magic      | 2 |  2.0
Spellcasting   | |  2.0

Action                   |  1- 3 |  4- 6 |  7- 9 || total
-------------------------+-------+-------+-------++-------
Melee: Unarmed           |    42 |    91 |   152 ||   285
 Cast: Sting             |    33 |    23 |       ||    56
       Poisonous Vapours |    29 |    74 |    12 ||   115
       Olgreb's Toxic Ra |       |     3 |     6 ||     9
       Ignite Poison     |       |       |     4 ||     4
Evoke: Wand              |       |     3 |     3 ||     6
  Use: Scroll            |       |    13 |     3 ||    16
       Potion            |       |       |     5 ||     5
 Stab: Paralysed         |       |    17 |    16 ||    33
Armor: Robe              |     7 |     8 |       ||    15
       Leather armour    |       |    10 |    68 ||    78
Dodge: Dodged            |    20 |    64 |   106 ||   190

Table legend: (Time is in decaauts)
 A = Elapsed time spent in this place.
 B = Non-inter-level travel time spent in this place.
 C = Inter-level travel time spent in this place.
 D = Time resting spent in this place.
 E = Time spent auto-exploring this place.
 F = Levels seen in this place.
 G = Mean time per level.
                   A        B        C        D        E       F      G
               +--------+--------+--------+--------+--------+-----+--------+
         Total |   7252 |   7017 |    235 |   3179 |   2791 |   6 | 1208.7 |
       Dungeon |   7252 |   7017 |    235 |   3179 |   2791 |   6 | 1208.7 |
               +--------+--------+--------+--------+--------+-----+--------+

Top non-repeatable levels by time:
     D:2: 1777 daAuts
     D:1: 1493 daAuts
     D:3: 1404 daAuts
     D:5: 982 daAuts
     D:4: 874 daAuts
     D:6: 721 daAuts
